 Dungeon Crawl Stone Soup version 0.20-a0-470-gbb038bd (webtiles) character file.

58 Amnesiac the Vexing (level 3, -1/24 HPs)
             Began as a Mummy Enchanter on Jan 13, 2017.
             Slain by a jackal (2 damage)
             ... in the Ecumenical Temple.
             The game lasted 00:03:45 (1445 turns).

Amnesiac the Vexing (Mummy Enchanter)               Turns: 1445, Time: 00:03:46

Health: -1/24      AC:  2    Str: 11    XL:     3   Next: 75%
Magic:  3/7        EV: 12    Int: 15    God:
Gold:   18         SH:  0    Dex: 12    Spells: 1/8 levels left

rFire  x . .     SeeInvis .     f - +0 battleaxe
rCold  + . .     Gourm    .     b - +0 robe
rNeg   + + +     Faith    .     (shield currently unavailable)
rPois  ∞         Spirit   .     (no helmet)
rElec  .         Reflect  .     (no cloak)
rCorr  .         Harm     .     (no gloves)
MR     .....                    (no boots)
Stlth  ++........               (no amulet)
                                (no ring)
                                (no ring)

@: no status effects
A: no food or potions, fire vulnerability, cold resistance 1, negative energy
resistance 3, torment resistance, unbreathing
a: no special abilities


You were in the Ecumenical Temple.
You were not hungry.

You visited 2 branches of the dungeon, and saw 5 of its levels.

You collected 18 gold pieces.

Inventory:

Hand Weapons
 a - a +1 dagger
 f - a +0 battleaxe (weapon)
Armour
 b - a +0 robe (worn)
Scrolls
 d - 2 scrolls of enchant armour {unknown}
 e - a scroll of teleportation {unknown}
Books
 c - a book of Maledictions

   Spells                             Type                      Level
   a - Corona                         Hexes                        1
   b - Ensorcelled Hibernation        Hexes/Ice                    2
   c - Confuse                        Hexes                        3
   d - Tukima's Dance                 Hexes                        3
   e - Dazzling Spray                 Conjuration/Hexes            3


   Skills:
 - Level 0.7 Short Blades
 - Level 1.5 Dodging
 - Level 2.4 Stealth
 + Level 3.4 Spellcasting
 * Level 4.0 Hexes


You had one spell level left.
You knew the following spells:

 Your Spells              Type           Power        Failure   Level  Hunger
e - Confuse               Hex            ##......     14%         3    N/A
f - Corona                Hex            ##.....      4%          1    N/A
w - Tukima's Dance        Hex            ##......     14%         3    N/A

Dungeon Overview and Level Annotations

Branches:
Dungeon (4/15)             Temple (1/1) D:4

Altars:
Ashenzari
Cheibriados
Elyvilon
Fedhas
Gozag
Hepliaklqana
Kikubaaqudgha
Makhleb
Nemelex Xobeh
Okawaru
Qazlal
Ru
Sif Muna
Vehumet
Xom
The Shining One


Innate Abilities, Weirdness & Mutations

You do not eat or drink.
Your flesh is vulnerable to fire.
You are immune to poison.
Your flesh is cold resistant. (rC+)
You are immune to negative energy. (rN+++)
You are immune to unholy pain and torment.
You can survive without breathing.


Message History

* * * LOW HITPOINT WARNING * * *
The jackal bites you.
* * * LOW HITPOINT WARNING * * *
The jackal misses you.
Casting: Corona
Confirm with . or Enter, or press ? or * to list all spells.
Aiming: Corona
Press: ? - help, Shift-Dir - straight line, f - jackal
Aim: a jackal (moderately wounded, chance to defeat MR: 68%)
The jackal is outlined in light.
The jackal bites you.
* * * LOW HITPOINT WARNING * * *
You closely miss the jackal.
The jackal is moderately wounded.
The jackal misses you. The jackal closely misses you.
You hit the jackal.
The jackal is heavily wounded.
The jackal bites you.
* * * LOW HITPOINT WARNING * * *
The jackal bites you.
You die...

§§§........_...#
§§§.........§§§#
§§§_......._§§§#
§§§.........§§§#
§§§_...<..._§§§#
§§§.........§§§#
§§§........_§§§#
§§§.....†h..§§§#
§§§_._._.@._§§§#
§§§§§§§§§§§§§§§#
§§§§§§§§§§§§§§§#
§§§§§§§§§§§§§§§#
###############


You could see a jackal.

Vanquished Creatures
  A worker ant (D:4)
  2 dart slugs
  A leopard gecko (D:1)
  A ball python (D:1)
  3 goblins
  4 hobgoblins
  A jackal (Temple)
  3 bats
  3 frilled lizards
  2 kobolds
  12 rats (D:1)
33 creatures vanquished.

Notes
Turn   | Place    | Note
-------+----------+-------------------------------------------
     0 | D:1      | Amnesiac the Mummy Enchanter began the quest for the Orb.
     0 | D:1      | Reached XP level 1. HP: 13/13 MP: 4/4
    44 | D:1      | Reached skill level 3 in Hexes
   325 | D:2      | Found a hazy altar of Hepliaklqana.
   334 | D:2      | Reached XP level 2. HP: 10/19 MP: 2/5
   498 | D:2      | Found a sacrificial altar of Ru.
   564 | D:2      | Found a burning altar of Makhleb.
   564 | D:2      | Noticed a green death
  1050 | D:1      | Reached XP level 3. HP: 12/24 MP: 2/7
  1055 | D:1      | Learned a level 3 spell: Confuse
  1059 | D:1      | Learned a level 3 spell: Tukima's Dance
  1305 | D:3      | Found a shattered altar of Ashenzari.
  1305 | D:3      | Found a stormy altar of Qazlal.
  1372 | D:4      | Reached skill level 4 in Hexes
  1393 | D:4      | Found a staircase to the Ecumenical Temple.
  1431 | Temple   | Entered the Ecumenical Temple
  1445 | Temple   | HP: 1/24 [jackal (1)]
  1445 | Temple   | Slain by a jackal

Vault maps used:
D:1:      erik_arrival_orb_chamber, st_stairs_9
D:2:      makhleb_altar_promises_db, nicolae_overflow_crystal_walls,
          lemuel_round_altar, lemuel_crystal_altar, minmay_pentomino_p2
D:3:      minmay_door_path, gammafunk_temple_overflow_wave, wad_rectangle_vault
D:4:      uniq_blork_the_orc
Temple:   minmay_freezing_vapour_temple

Skill      XL: |  1  2  3 |
---------------+----------+-----
Hexes          | 3 4 |  4.0
Spellcasting   | 3 |  3.4
Short Blades   | |  0.7
Dodging        | |  1.5
Stealth        | |  2.4

Action                   || total
-------------------------++-------
Melee: Dagger            ||    97
       Battleaxe         ||     4
 Cast: Corona            ||    31
       Confuse           ||     3
 Stab: Sleeping          ||     3
       Confused          ||     1
Armor: Robe              ||    20
Dodge: Dodged            ||    72
